 Dungeon Crawl Stone Soup version 0.30.0-15-g856e2d3f33 (webtiles) character file.

Game seed: 6311629926247553259

196 SnakkuSnakku7 the Trooper (level 5, -3/46 HPs)
             Began as a Ghoul Hexslinger on May 20, 2023.
             Slain by Pargi (4 damage)
             ... on level 4 of the Dungeon.
             The game lasted 00:03:52 (2945 turns).

SnakkuSnakku7 the Trooper (Ghoul Hexslinger)        Turns: 2945, Time: 00:03:52

Health: -3/46      AC:  5    Str: 16    XL:     5   Next: 74%
Magic:  5/5        EV: 12    Int:  8    God:
Gold:   146        SH:  0    Dex:  9    Spells: 5/6 levels left

rFire   + .          .
                       - Unarmed
rCold   . . .        (no shield)
rNeg    + + +        c - +0 robe
rPois   ∞            n - +1 helmet
rElec   .            (no cloak)
rCorr   .            (no gloves)
SInv    .            k - +0 pair of boots
Will    .....        (no amulet)
Stlth   +            s - ring of fire
HPRegen 0.00/turn    (no ring)
MPRegen 0.09/turn

%: no passive effects
@: inhibited regen
A: claws 1, cold resistance 1, negative energy resistance 3, inhibited
regeneration, torment resistance 2, devour on kill
a: no special abilities


You were on level 4 of the Dungeon.
You visited 1 branch of the dungeon, and saw 4 of its levels.

You collected 146 gold pieces.

Inventory:

Hand Weapons
 a - a +1 sling
Armour
 c - a +0 robe (worn)
 g - a +0 helmet
 k - a +0 pair of boots (worn)
 n - a +1 helmet (worn)
 t - a +0 pair of gloves
Jewellery
 r - a ring of wizardry
 s - a ring of fire (left claw)
Scrolls
 b - a scroll of poison
 d - a scroll of noise {unknown}
 f - a scroll of amnesia {unknown}
 h - a scroll of immolation {unknown}
 i - 6 scrolls of identify {unknown}
 m - 4 scrolls of enchant armour {unknown}
 o - a scroll of brand weapon {unknown}
 q - a scroll of teleportation {unknown}
 u - a scroll of blinking {unknown}
 v - a scroll of magic mapping {unknown}
Potions
 e - 4 potions of curing {unknown}
 j - a potion of lignification {unknown}
 l - 2 potions of might {unknown}


   Skills:
 - Level 4.0 Fighting
 - Level 1.7 Ranged Weapons
 + Level 0.8 Throwing
 - Level 1.7 Dodging
 + Level 4.0 Unarmed Combat
 - Level 1.0 Spellcasting
 - Level 2.4 Hexes


You had 5 spell levels left.
You knew the following spells:

 Your Spells              Type           Power      Damage    Failure   Level
a - Slow                  Hex            16%        N/A       16%         1

Your spell library contained the following spells:

 Spells                   Type           Power      Damage    Failure   Level
 Inner Flame              Hex/Fire       3%         N/A       58%         3
 Portal Projectile        Hex/Tloc       4%         N/A       58%         3
 Cause Fear               Hex            2%         N/A       83%         4
 Manifold Assault         Tloc           0%         N/A       98%         4
 Dispersal                Tloc           0%         N/A       100%        6
 Disjunction              Tloc           0%         N/A       100%        8
 Dragon's Call            Summ           0%         N/A       100%        9
 Dragon Form              Tmut           Unusable   N/A       N/A         7

Dungeon Overview and Level Annotations

Branches:
Dungeon (4/15)
 Temple: D:4-7

Altars:
Trog

Annotations:
D:4 Pargi


Innate Abilities, Weirdness & Mutations

You are immune to poison.
You have sharp fingernails.
Your flesh is cold resistant. (rC+)
You are immune to negative energy. (rN+++)
You do not regenerate when monsters are visible.
You are immune to unholy pain and torment.
You thrive by killing the living.


Message History

You are too injured to fight recklessly!
You are too injured to fight recklessly!
You are too injured to fight recklessly!
You are too injured to fight recklessly!
You closely miss Pargi.
Pargi is severely wounded.
Pargi bites you. Pargi claws you. x2
You scratch Pargi but do no damage.
Pargi is severely wounded.
Pargi closely misses you. Pargi claws you but does no damage.
Pargi completely misses you. The orc misses you.
You barely miss Pargi.
Pargi is severely wounded.
Pargi bites you but does no damage. Pargi claws you.
Pargi claws you but does no damage.
An orc comes into view. It is wielding a +0 hand axe.
The orc shouts!
You scratch Pargi but do no damage.
Pargi is severely wounded.
A ball python comes into view.
Pargi bites you but does no damage. Pargi claws you.
* * * LOW HITPOINT WARNING * * *
Pargi closely misses you. The orc hits you with a +0 flail.
* * * LOW HITPOINT WARNING * * *
The orc hits you with a +0 dagger.
* * * LOW HITPOINT WARNING * * *
The orc attacks as you move away! The orc hits you but does no damage.
Unknown command.
You aren't carrying any items that you can evoke.
Unknown command.
You barely miss Pargi.
Pargi is severely wounded.
Pargi bites you but does no damage. Pargi claws you but does no damage. x2
The orc hits you with a +0 flail.
* * * LOW HITPOINT WARNING * * *
Okay, then.
Pargi attacks as you move away! Pargi bites you.
* * * LOW HITPOINT WARNING * * *
Pargi claws you but does no damage. Pargi claws you.
You die...

...###.##..............#
###....##.###........#....
# #.###...##..#......####.
# #.# .#....##.###### ...
#....###.# . ....
......#.######... .....#
.........o...((.. .#.#..
........oT..(o.(S ... ..
.......#@##..####
..>.........##
................
......########## ......
.....# ....# ##.


You could see Pargi (poisoned) and 3 orcs.

Vanquished Creatures
  Jessica (D:2)
  An orc wizard (D:3)
  5 adders
  4 dart slugs
  2 orcs (D:2)
  7 endoplasms
  15 giant cockroaches
  5 hobgoblins
  4 jackals (D:1)
  2 quokkas
  6 ball pythons
  2 bats
  8 frilled lizards
  11 goblins
  7 kobolds
  6 rats (D:1)
86 creatures vanquished.

Vanquished Creatures (others)
  A wizard (D:3)
1 creature vanquished.

Grand Total: 87 creatures vanquished

Notes
Turn   | Place    | Note
-------+----------+-------------------------------------------
     0 | D:1      | SnakkuSnakku7 the Ghoul Hexslinger began the quest for the
                  | Orb.
     0 | D:1      | Reached XP level 1. HP: 16/16 MP: 1/1
    64 | D:1      | Reached skill level 1 in Unarmed Combat
    64 | D:1      | Reached XP level 2. HP: 24/24 MP: 2/2
   413 | D:1      | Reached XP level 3. HP: 30/30 MP: 3/3
  1041 | D:2      | Reached XP level 4. HP: 25/37 MP: 4/4
  1317 | D:2      | Noticed Jessica
  1320 | D:2      | Killed Jessica
  2013 | D:3      | Reached XP level 5. HP: 33/46 MP: 5/5
  2100 | D:3      | Found a bloodstained altar of Trog.
  2101 | D:3      | Noticed a wizard
  2107 | D:3      | Killed a wizard
  2330 | D:3      | Found a faded altar of an unknown god.
  2927 | D:4      | Noticed Pargi
  2945 | D:4      | HP: 1/46 [Pargi (3)]
  2945 | D:4      | Slain by Pargi

Illustrated notes

Levels and vault maps discovered:
D:1:      eino_arrival_water_star, layout_loops_ring
D:2:      layout_basic, uniq_jessica
D:3:      minmay_roachtagon, layout_basic, trog_wizard,
          hellmonk_ecumenical_altar_leap_of_faith
D:4:      layout_rooms, grunt_temple_overflow_gold_and_silver, uniq_pargi

Skill      XL: |  1  2  3  4  5 |
---------------+----------------+-----
Unarmed Combat | 1 2 3 4 |  4.0
Fighting       | 2 3 4 |  4.0
Ranged Weapons | |  1.7
Throwing       | |  0.8
Dodging        | |  1.7
Spellcasting   | |  1.0
Hexes          | |  2.4

Action                     |  1- 3 |  4- 6 || total
---------------------------+-------+-------++-------
  Melee: Unarmed           |   100 |   129 ||   229
         Punch             |     1 |     1 ||     2
   Fire: Sling             |    72 |       ||    72
  Throw: Dart              |       |     4 ||     4
 Armour: Robe              |    36 |    42 ||    78
  Dodge: Dodged            |    93 |    76 ||   169
